 Dungeon Crawl Stone Soup version 0.31.0-12-g77e489cdc1 (webtiles) character file.

Game seed: 10201585380278538333

815 ChrisAssaf the Sneak (level 8, -1/55 HPs)
             Began as a Djinni Enchanter on Feb 16, 2024.
             Was a Follower of Ru.
             Slain by a gnoll
             ... wielding a +0 flail
             ... led by a gnoll sergeant
              (12 damage)
             ... on level 6 of the Dungeon.
             The game lasted 00:14:10 (4041 turns).

ChrisAssaf the Sneak (Djinni Enchanter)             Turns: 4041, Time: 00:14:10

Health: -1/55      AC:  3    Str:  9    XL:     8   Next: 16%
Gold:   246        EV: 18    Int: 16    God:    Ru [*.....] SH:  0 Dex: 15

rFire   + + .        a - +2 dagger (spect)
rCold   x . .        (no shield)
rNeg    . . .        b - +1 robe
rPois   ∞            (no helmet)
rElec   .            (no cloak)
rCorr   .            (no gloves)
SInv    .            (boots unavailable)
Will    .....        (no amulet)
Stlth   +++          e - +5 ring of evasion
HPRegen 0.29/turn    d - +4 ring of slaying
MPRegen 0.00/turn

%: inaccuracy (-5), infuse magic (-2 HP)
@: flying
A: sickness immunity, fire resistance 2, cold vulnerability 1, missing an eye,
float, innate caster, HP casting, extra vitality 1
a: Renounce Religion


You were on level 6 of the Dungeon.
You worshipped Ru.
Ru was aware of your devotion.
You visited 2 branches of the dungeon, and saw 7 of its levels.

You collected 246 gold pieces.

Inventory:

Hand Weapons
 a - a +2 spectral dagger (weapon)
Armour
 b - a +1 robe (worn)
Jewellery
 d - a +4 ring of slaying (right hand)
 e - a +5 ring of evasion (left hand)
 h - a +6 ring of intelligence
 l - a ring of fire
Wands
 g - a wand of flame (24)
 o - a wand of polymorph (9)
Scrolls
 j - a scroll of revelation
 m - 2 scrolls of teleportation
 n - a scroll of blinking
Potions
 c - 2 potions of heal wounds
 f - a potion of brilliance
 i - a potion of lignification {unknown}


   Skills:
 * Level 2.4 Fighting
 * Level 3.2 Short Blades
 * Level 2.6 Armour
 * Level 3.8 Dodging
 * Level 4.7 Stealth
 * Level 3.6 Spellcasting
 * Level 3.6 Conjurations
 * Level 3.6 Hexes
 * Level 3.6 Summonings
 * Level 3.6 Necromancy
 * Level 3.6 Translocations
 * Level 3.6 Fire Magic
 * Level 3.6 Ice Magic
 * Level 3.6 Air Magic
 * Level 3.6 Earth Magic
 * Level 3.6 Alchemy
 * Level 1.9 Evocations


You knew the following spells:

 Your Spells              Type           Power      Damage    Failure   Level
a - Ensorcelled Hibernat  Hex/Ice        28%        N/A       6%          2
b - Confusing Touch       Hex            14%        N/A       12%         3
c - Tukima's Dance        Hex            14%        N/A       12%         3
d - Dazzling Flash        Conj/Hex       28%        N/A       12%         3
e - Apportation           Tloc           28%        N/A       4%          1
f - Jinxbite              Hex            28%        N/A       6%          2
g - Call Imp              Summ           28%        N/A       6%          2
Your spell library was empty.

Dungeon Overview and Level Annotations

Branches:
Dungeon (6/15)             Temple (1/1) D:4

Altars:
Ashenzari
Cheibriados
Dithmenos
Elyvilon
Fedhas
Gozag
Hepliaklqana
Makhleb
Nemelex Xobeh
Okawaru
Ru
Uskayaw
Wu Jian
Xom
Yredelemnul
Zin
The Shining One


Innate Abilities, Weirdness & Mutations

You are immune to sickness and miasma.
You are immune to poison.
Your flesh is very heat resistant. (rF++)
You are vulnerable to cold. (rC-)
You are missing an eye, making it more difficult to aim.
You float through the air rather than walking.
You learn spells naturally, not from books.
Your magical power is your life essence.
You have superior vitality. (+4 MHP)


Message History

Your cerulean imp hits the gnoll sergeant but does no damage.
You feel better.
Your +2 spectral dagger disappears.
The gnoll sergeant is stunned by your conviction and fails to attack.
Your cerulean imp hits the gnoll sergeant but does no damage.
You closely miss the gnoll sergeant.
The gnoll sergeant is moderately wounded.
Your +2 spectral dagger barely misses the gnoll sergeant.
The gnoll sergeant completely misses you.
Your cerulean imp hits the gnoll sergeant but does no damage.
You hit the gnoll sergeant but do no damage.
The gnoll sergeant is moderately wounded.
Your +2 spectral dagger hits the gnoll sergeant.
The gnoll sergeant hits you but does no damage.
Your cerulean imp hits the gnoll sergeant but does no damage.
The gnoll closely misses your +2 spectral dagger.
Unknown command.
You hit the gnoll sergeant.
The gnoll sergeant is severely wounded.
Your +2 spectral dagger hits the gnoll sergeant but does no damage.
The gnoll sergeant barely misses you.
Your cerulean imp hits the gnoll sergeant with a -3 spear.
You barely miss the gnoll sergeant.
The gnoll sergeant is severely wounded.
Your +2 spectral dagger hits the gnoll sergeant.
The gnoll closely misses your +2 spectral dagger.
The gnoll sergeant barely misses you.
You hit the gnoll sergeant but do no damage.
The gnoll sergeant is almost dead.
Your +2 spectral dagger hits the gnoll sergeant.
You kill the gnoll sergeant!
Your cerulean imp hits the gnoll from afar with a -3 spear.
The gnoll barely misses your +2 spectral dagger.
Unknown command.
You swap places.
Your +2 spectral dagger disappears.
The gnoll hits you from afar with a +0 spear!
* * * LOW HITPOINT WARNING * * *
The gnoll hits you with a +0 flail!
You die...

... # # #. .. # # #. ..
# # #.... ... # ## #..#.
.... # .##. ..#....
..... # .... ...#g .....
# .$.. ..###gg####.....
.... .....gg@.....###
.... ........5.......
#... .#.....#........
... ......>......... ..
...#.#....######
.......†.##
...#.#.[.###############
.......................
#.....#.#.#############


You could see 5 gnolls and a friendly cerulean imp (summoned).

Vanquished Creatures
  A centaur (D:5)
  2 phantoms
  A gnoll sergeant (D:6)
  2 scorpions
  A wight (D:6)
  A howler monkey (D:6)
  A bombardier beetle (D:4)
  2 jellies (D:5)
  4 iguanas
  3 gnolls (D:5)
  3 adders
  2 ribbon worms
  3 dart slugs
  6 orcs
  4 bats
  9 endoplasms
  4 giant cockroaches
  4 goblins
  5 hobgoblins
  2 kobolds
  A quokka (D:1)
  7 ball pythons
  3 frilled lizards
  8 rats
79 creatures vanquished.

Vanquished Creatures (collateral kills)
  A gnoll (D:5)
  A kobold (D:1)
2 creatures vanquished.

Vanquished Creatures (others)
  4 dancing weapons
4 creatures vanquished.

Grand Total: 85 creatures vanquished

Notes
Turn   | Place    | Note
-------+----------+-------------------------------------------
     0 | D:1      | ChrisAssaf the Djinni Enchanter began the quest for the
                  | Orb.
     0 | D:1      | ChrisAssaf set off with the following spells memorised:
                  | Ensorcelled Hibernation, Confusing Touch, Tukima's Dance,
                  | Dazzling Flash.
     0 | D:1      | Reached XP level 1. HP: 15/15 MP: 0/0
    89 | D:1      | Reached skill level 1 in Short Blades
    89 | D:1      | Reached XP level 2. HP: 13/21 MP: 0/0
   366 | D:2      | Reached XP level 3. HP: 25/26 MP: 0/0
   366 | D:2      | Learned a level 1 spell: Apportation
   477 | D:3      | Reached skill level 3 in Stealth
   888 | D:3      | Reached XP level 4. HP: 5/31 MP: 0/0
  1483 | D:4      | Found a staircase to the Ecumenical Temple.
  1495 | Temple   | Entered the Ecumenical Temple
  1654 | Temple   | Became a worshipper of Ru the Awakened
  1696 | D:4      | Reached skill level 1 in Fighting
  1696 | D:4      | Reached skill level 1 in Armour
  1772 | D:4      | Reached XP level 5. HP: 33/37 MP: 0/0
  1772 | D:4      | Learned a level 2 spell: Jinxbite
  2152 | D:4      | Reached XP level 6. HP: 40/42 MP: 0/0
  2411 | D:2      | You are sucked into a shaft and drop 2 floors!
  2627 | D:2      | Found a faded altar of an unknown god.
  2852 | D:1      | Gained mutation: You are missing an eye, making it more
                  | difficult to aim. [Ru sacrifice]
  2852 | D:1      | Reached * piety under Ru
  3192 | D:5      | Entered Level 5 of the Dungeon
  3293 | D:5      | Reached skill level 4 in Stealth
  3293 | D:5      | Reached XP level 7. HP: 32/48 MP: 0/0
  3293 | D:5      | Learned a level 2 spell: Call Imp
  3412 | D:5      | Reached skill level 1 in Evocations
  4021 | D:6      | Reached XP level 8. HP: 22/55 MP: 0/0
  4041 | D:6      | Slain by a gnoll

Illustrated notes

Levels and vault maps discovered:
D:1:      ncdulo_halloftheorcs, layout_rooms
D:2:      layout_loops_ring, basic_ecumenical_altar, minmay_misc_feat_rugged
D:3:      layout_basic, serial_bayou_lagoon_b
D:4:      layout_gridville, minmay_temple_entry_arrows, dk_noncrumbling_3,
          serial_library_hellmonk_open_square
D:5:      layout_cave_pools
D:6:      layout_basic, small_statue_alley_b, st_stairs_2, uniq_jeremiah
Temple:   mainiacjoe_temple_big_plus

Skill      XL: |  1  2  3  4  5  6  7 |
---------------+----------------------+-----
Short Blades   | 1 2 3 |  3.2
Spellcasting   | 3 |  3.6
Conjurations   | 3 |  3.6
Hexes          | 3 |  3.6
Summonings     | 3 |  3.6
Necromancy     | 3 |  3.6
Translocations | 3 |  3.6
Fire Magic     | 3 |  3.6
Ice Magic      | 3 |  3.6
Air Magic      | 3 |  3.6
Earth Magic    | 3 |  3.6
Alchemy        | 3 |  3.6
Stealth        | 3 4 |  4.7
Fighting       | 1 2 |  2.4
Armour         | 1 2 |  2.6
Dodging        | 3 |  3.8
Evocations     | 1 |  1.9

Action                     |  1- 3 |  4- 6 |  7- 9 || total
---------------------------+-------+-------+-------++-------
  Melee: Dagger            |    89 |    88 |    55 ||   232
         Punch             |       |     1 |     1 ||     2
   Cast: Ensorcelled Hiber |    12 |    15 |     2 ||    29
         Tukima's Dance    |     1 |     1 |     8 ||    10
         Jinxbite          |       |     1 |       ||     1
         Apportation       |       |     1 |       ||     1
         Call Imp          |       |       |     3 ||     3
 Invoke: Sacrifice an Eye  |       |     1 |       ||     1
    Use: Scroll            |     3 |     5 |     4 ||    12
         Potion            |     3 |     1 |     2 ||     6
   Stab: Sleeping          |    11 |    14 |     3 ||    28
         Invisible         |     2 |       |       ||     2
         Distracted        |       |       |     3 ||     3
 Armour: Robe              |    39 |    28 |    27 ||    94
  Dodge: Dodged            |    78 |    58 |    45 ||   181
